 Dungeon Crawl Stone Soup version 0.28-a0-883-gc8d7bad45d (webtiles) character file.

Game seed: 12200640615969375275

6526 kae the Grappler (level 10, -3/100 HPs)
             Began as a Green Draconian Transmuter on Nov 21, 2021.
             Was an Initiate of Ru.
             Slain by a yak (7 damage)
             ... on level 7 of the Dungeon.
             The game lasted 00:08:27 (13576 turns).

kae the Grappler (Green Draconian Transmuter)      Turns: 13576, Time: 00:08:28

Health: -3/100     AC:  7    Str: 13    XL:     10   Next: 69%
Magic:  16/19      EV: 11    Int: 17    God:    Ru [......]
Gold:   931        SH:  0    Dex: 11    Spells: 13/21 levels left

rFire   x . .      SeeInvis .     - Unarmed
rCold   + + +      Faith    .   (shield currently unavailable)
rNeg    . . .      Spirit   .   (armour unavailable)
rPois   +          Reflect  .   (helmet currently unavailable)
rElec   .          Harm     .   (cloak currently unavailable)
rCorr   .          Rampage  .   (gloves currently unavailable)
Will    +....                   (boots currently unavailable)
Stlth   +.........              (no amulet)
HPRegen 0.26/turn               a - ring of wizardry
MPRegen 0.16/turn               e - ring of willpower

@: ice-form
A: freezing attack, amphibious, boosted hp, (breathe noxious fumes), AC +7,
large, unfitting armour, (poison resistance), (cold-blooded)
a: End Transformation, Renounce Religion


You were on level 7 of the Dungeon.
You worshipped Ru.
Ru was noncommittal.
You were a creature of crystalline ice.
You visited 2 branches of the dungeon, and saw 9 of its levels.
You also visited: Bailey.

You collected 931 gold pieces.

Inventory:

Armour
 r - a +0 cloak (melded)
Jewellery
 a - a ring of wizardry (left front paw)
 e - a ring of willpower (right front paw)
 k - a +6 ring of dexterity
Wands
 c - a wand of iceblast (6)
 l - a wand of charming (1)
 q - a wand of acid (8)
Scrolls
 f - 2 scrolls of teleportation
 p - 2 scrolls of blinking
 s - a scroll of fear
 u - a scroll of magic mapping
 w - a scroll of enchant weapon
Potions
 b - a potion of ambrosia
 d - a potion of flight
 g - 6 potions of curing
 h - 3 potions of heal wounds
 j - a potion of brilliance
 m - a potion of haste
 n - 2 potions of degeneration
 o - 3 potions of might
 v - a potion of mutation {unknown}
Miscellaneous
 t - a box of beasts


   Skills:
 + Level 6.8 Fighting
 + Level 5.8 Dodging
 * Level 9.6 Unarmed Combat
 + Level 6.0 Spellcasting
 + Level 6.6 Transmutations
 - Level 5.0 Ice Magic
 - Level 2.4 Poison Magic


You had 13 spell levels left.
You knew the following spells:

 Your Spells              Type           Power      Damage    Failure   Level
a - Beastly Appendage     Tmut           54%        N/A       1%          1
b - Spider Form           Tmut/Pois      20%        N/A       2%          3
c - Ice Form              Ice/Tmut       24%        N/A       4%          4

Your spell library contained the following spells:

 Spells                   Type           Power      Damage    Failure   Level
 Wereblood                Tmut           27%        N/A       1%          2
 Blade Hands              Tmut           13%        N/A       10%         5
 Iron Shot                Conj/Erth      2%         9d2       99%         6
 Animate Armour           Summ/Erth      Unusable   N/A       N/A         4

Dungeon Overview and Level Annotations

Branches:
Dungeon (8/15)             Temple (1/1) D:7          Bailey (visited)
   Lair: D:8-11

Altars:
Cheibriados
Dithmenos
Fedhas
Gozag
Nemelex Xobeh
Okawaru
Ru
Trog
Vehumet

Shops:
D:2 =   D:5 *

Annotations:
D:5 1 runed translucent door, Crazy Yiuf


Innate Abilities, Weirdness & Mutations

You are a creature of crystalline ice.
You have a powerful freezing melee attack.
You are amphibious.
Your maximum health is increased.
Your armour is entirely melded.
You are incapable of wielding weapons or throwing items.
((You can breathe blasts of noxious fumes.))
((Your lurid green scales are hard. (AC +7)))
You cannot fit into any form of body armour.
((Your system is resistant to poisons. (rPois)))
((You are cold-blooded and may be slowed by cold attacks.))


Message History

The water moccasin is almost dead.
You feel sick. The yak gores you! The water moccasin bites you.
You barely miss the water moccasin.
The water moccasin is almost dead.
You feel sick. The yak gores you but does no damage.
The water moccasin bites you. The yak closely misses you.
You punch the water moccasin!
The water moccasin seems to slow down.
You freeze the water moccasin.
You kill the water moccasin!
You feel sick. The yak gores you. The yak closely misses you.
You hit the yak but do no damage.
You feel sick. The yak misses you. The yak gores you.
You pummel the yak!! You freeze the yak!
The yak is severely wounded.
You feel sick. The yak misses you.
You punch the yak! You freeze the yak.
You kill the yak!
You feel sick.
Your Spellcasting skill increases to level 6!
You feel sick. The yak gores you!
Things that are here:
a yak corpse; a yak skeleton You feel sick.
The yak gores you!
* * * LOW HITPOINT WARNING * * *
You barely miss the yak. The yak gores you.
* * * LOW HITPOINT WARNING * * *
You hit the yak. You freeze the yak.
The yak is lightly wounded.
You feel sick.
You are no longer poisoned.
The yak gores you!
* * * LOW HITPOINT WARNING * * *
You punch the yak! You freeze the yak.
The yak is heavily wounded.
The yak gores you!
* * * LOW HITPOINT WARNING * * *
You punch the yak! You freeze the yak.
The yak is severely wounded.
The yak gores you!
You die...

...##.......#
..####....<.##
..###........##
...##......#..##
.........####..###
...............#.###
#.###.##...........#
...##.##..##..#...##
..##......#...#.YY.#
..##...#.....###.†>#
...##.##.....# #..)#
#.....#......###.####
##....#......##.....#
##...##.......##....#
#....#........##....#
.............###...###
.............# ##....#


You could see a yak.

Vanquished Creatures
  2 orc knights (Bailey)
  4 yaks
  3 wyverns (D:7)
  A steam dragon (D:6)
  Edmund (D:5)
  4 water moccasins
  2 ice beasts (D:7)
  A sky beast (D:7)
  8 orc warriors (Bailey)
  A necrophage (D:4)
  3 ogres
  3 centaurs
  3 phantoms
  A bullfrog (D:7)
  3 kobold brigands
  3 scorpions
  2 wyvern skeletons
  9 wights
  3 jellies
  A gnoll shaman (D:5)
  A bullfrog skeleton (D:5)
  2 centaur skeletons
  5 hounds
  An iron imp (D:4)
  Terence (D:1)
  Natasha (thrice) (D:2)
  4 iguanas
  A killer bee zombie (D:8)
  3 hound skeletons
  15 gnolls
  5 adders
  A shadow imp (D:7)
  2 white imps
  2 ufetubi
  An adder zombie (D:5)
  4 adder skeletons (D:4)
  2 worms
  2 dart slugs
  10 orcs
  6 endoplasms
  4 giant cockroaches
  6 goblins
  9 hobgoblins
  8 jackals
  12 kobolds
  6 quokkas
  6 ball pythons
  6 bats
  5 frilled lizards
  4 rats
195 creatures vanquished.

Vanquished Creatures (collateral kills)
  An orc knight (Bailey)
  2 orc warriors (Bailey)
3 creatures vanquished.

Vanquished Creatures (others)
  A water moccasin (D:6)
  An adder (D:5)
  A gnoll (D:5)
  A fungus (D:8)
  13 plants
17 creatures vanquished.

Grand Total: 215 creatures vanquished

Notes
Turn   | Place    | Note
-------+----------+-------------------------------------------
     0 | D:1      | kae the Draconian Transmuter began the quest for the Orb.
     0 | D:1      | Reached XP level 1. HP: 16/16 MP: 3/3
   501 | D:1      | Reached XP level 2. HP: 23/23 MP: 3/5
   817 | D:1      | Reached XP level 3. HP: 24/29 MP: 4/6
   939 | D:1      | Learned a level 3 spell: Spider Form
  1407 | D:2      | Noticed Terence
  1414 | D:2      | Noticed Natasha
  1451 | D:1      | Killed Terence
  1452 | D:1      | Reached XP level 4. HP: 11/36 MP: 1/7
  1679 | D:2      | Killed Natasha
  1936 | D:2      | Reached skill level 1 in Poison Magic
  2018 | D:2      | Found a faded altar of an unknown god.
  2032 | D:2      | Noticed Natasha
  2044 | D:2      | Killed Natasha
  2045 | D:2      | Reached skill level 4 in Unarmed Combat
  2045 | D:2      | Reached XP level 5. HP: 32/41 MP: 8/8
  2152 | D:2      | Noticed Natasha
  2163 | D:2      | Killed Natasha
  2301 | D:2      | Found Gidgh's Jewellery Emporium.
  2980 | D:3      | Learned a level 4 spell: Ice Form
  3704 | D:3      | Reached XP level 6. HP: 36/50 MP: 7/10
  3711 | D:3      | Reached skill level 1 in Ice Magic
  4623 | D:4      | Found a snail-covered altar of Cheibriados.
  4752 | D:4      | Found a radiant altar of Vehumet.
  5096 | D:4      | Your scales start taking on a lurid green colour.
  5096 | D:4      | Reached XP level 7. HP: 55/57 MP: 7/11
  5096 | D:4      | Gained mutation: Your system is resistant to poisons.
                  | (rPois) [Green Draconian growth]
  5156 | D:5      | Entered Level 5 of the Dungeon
  6093 | D:4      | Reached skill level 5 in Unarmed Combat
  6290 | D:5      | Found Tuets's General Store.
  6847 | D:5      | Noticed Edmund
  6929 | D:5      | Killed Edmund
  7099 | D:5      | Reached XP level 8. HP: 66/66 MP: 10/13
  7334 | D:5      | Reached skill level 6 in Unarmed Combat
  7947 | D:5      | Found a runed translucent door.
  7966 | D:5      | Noticed Crazy Yiuf
  9381 | D:6      | Reached skill level 5 in Ice Magic
  9381 | D:6      | Reached XP level 9. HP: 72/72 MP: 10/15
  9617 | D:6      | Reached skill level 7 in Unarmed Combat
 10140 | D:6      | Reached skill level 5 in Transmutations
 10153 | D:6      | Reached skill level 5 in Fighting
 10526 | D:7      | Found a staircase to the Ecumenical Temple.
 10539 | Temple   | Entered the Ecumenical Temple
 10578 | Temple   | Became a worshipper of Ru the Awakened
 10614 | D:7      | Found a flagged portal.
 10667 | Bailey   | Entered a bailey
 10667 | Bailey   | Noticed an orc knight
 10667 | Bailey   | Noticed an orc knight
 10681 | Bailey   | Killed an orc knight
 10685 | Bailey   | Reached skill level 8 in Unarmed Combat
 10685 | Bailey   | Reached skill level 5 in Spellcasting
 10697 | Bailey   | Killed an orc knight
 10842 | Bailey   | Reached skill level 5 in Dodging
 10967 | Bailey   | Reached XP level 10. HP: 27/83 MP: 17/17
 11331 | Bailey   | Noticed an orc knight
 11347 | Bailey   | Killed an orc knight
 11908 | D:7      | Reached skill level 9 in Unarmed Combat
 12030 | D:7      | Found an opulent altar of Gozag.
 12200 | D:7      | Found a blossoming altar of Fedhas.
 13575 | D:7      | HP: 3/100 [yak (7)]
 13576 | D:7      | Slain by a yak

Illustrated notes

Levels and vault maps discovered:
D:1:      dpeg_arrival_brainrot, layout_basic
D:2:      layout_basic, serial_shops, shop_statue,
          shapermc_ecumenical_altar_acropolis, uniq_natasha, uniq_terence
D:3:      layout_basic, cheibrodos_gnoll_hut
D:4:      layout_rooms, nicolae_vehumet_altar_sigil, slow_altar_2
D:5:      layout_cave_pools, serial_shops, nicolae_take_the_stairs,
          minmay_joined_circles, uniq_crazy_yiuf_cottage, uniq_edmund
D:6:      layout_basic
D:7:      layout_cave_pools, kennysheep_little_box,
          mainiacjoe_overflow_alcove_4, minmay_temple_entry_grid, enter_bailey_5
D:8:      layout_cave_pools, grunt_temple_overflow_open,
          dancing_weapons_uskayaw, minmay_lair_entry_grove,
          kennysheep_small_square, uniq_harold
Temple:   nicolae_temple_hex_pool

Skill      XL: |  1  2  3  4  5  6  7  8  9 10 |
---------------+-------------------------------+-----
Dodging        | 2 3 4 5 |  5.8
Fighting       | 2 3 4 5 6 |  6.8
Poison Magic   | 1 2 |  2.4
Unarmed Combat | 4 5 6 8 9 |  9.6
Transmutations | 3 4 5 6 |  6.6
Ice Magic      | 2 3 5 |  5.0
Spellcasting   | 3 4 5 6 |  6.0

Action                   |  1- 3 |  4- 6 |  7- 9 | 10-12 || total
-------------------------+-------+-------+-------+-------++-------
Melee: Unarmed           |   112 |   192 |   263 |    96 ||   663
       Kick              |     7 |     3 |       |       ||    10
       Tailslap          |     5 |     2 |    11 |       ||    18
       Punch             |     1 |     1 |     1 |       ||     3
       Headbutt          |     7 |     2 |       |       ||     9
 Cast: Beastly Appendage |    15 |     9 |       |       ||    24
       Spider Form       |     1 |    27 |    10 |       ||    38
       Ice Form          |       |       |    24 |    13 ||    37
 Abil: Breathe Noxious F |       |       |     8 |     3 ||    11
Evoke: Wand              |       |       |     3 |       ||     3
  Use: Potion            |     3 |       |     1 |       ||     4
       Scroll            |       |     8 |    11 |     2 ||    21
 Stab: Sleeping          |     1 |       |     1 |       ||     2
       Invisible         |     1 |       |       |       ||     1
       Confused          |       |       |     1 |     1 ||     2
Armor: Skin              |    44 |    44 |    63 |    37 ||   188
Dodge: Dodged            |   102 |   154 |   179 |    82 ||   517

Table legend: (Time is in decaauts)
 A = Elapsed time spent in this place.
 B = Non-inter-level travel time spent in this place.
 C = Inter-level travel time spent in this place.
 D = Time resting spent in this place.
 E = Time spent auto-exploring this place.
 F = Levels seen in this place.
 G = Mean time per level.
                   A        B        C        D        E       F      G
               +--------+--------+--------+--------+--------+-----+--------+
         Total |  13502 |  13192 |    310 |   2275 |   9289 |  10 | 1350.2 |
       Dungeon |  12448 |  12147 |    301 |   1768 |   8898 |   8 | 1556.0 |
        Temple |     52 |     43 |      9 |      0 |     30 |   1 |   52.0 |
        Bailey |   1001 |   1001 |      0 |    506 |    361 |   1 | 1001.0 |
               +--------+--------+--------+--------+--------+-----+--------+

Top non-repeatable levels by time:
     D:6: 2302 daAuts
     D:5: 2086 daAuts
     D:4: 2056 daAuts
     D:7: 1922 daAuts
     D:1: 1657 daAuts
     D:3: 1250 daAuts
     D:2: 1088 daAuts
  Bailey: 1001 daAuts
     D:8: 84 daAuts
  Temple: 52 daAuts
